 Dungeon Crawl Stone Soup version 0.30.1 (webtiles) character file.

Game seed: 11760598374645409255

7 GimliDwarf the Ducker (level 2, -2/19 HPs)
             Began as a Gnoll Wanderer on July 5, 2023.
             Slain by a kobold
             ... wielding a +0 club
              (4 damage)
             ... on level 1 of the Dungeon.
             The game lasted 00:00:23 (62 turns).

GimliDwarf the Ducker (Gnoll Wanderer)                Turns: 62, Time: 00:00:24

Health: -2/19      AC:  4    Str: 13    XL:     2   Next: 0%
Magic:  5/5        EV: 12    Int: 10    God:
Gold:   0          SH:  0    Dex: 10    Spells: 5/6 levels left

rFire   . . .        a - +0 mace
rCold   . . .        (no shield)
rNeg    . . .        d - +0 leather armour
rPois   .            (no helmet)
rElec   .            (no cloak)
rCorr   .            (no gloves)
SInv    .            b - +0 pair of boots
Will    .....        (no amulet)
Stlth   ++           (no ring)
HPRegen 0.23/turn    (no ring)
MPRegen 0.09/turn

%: no passive effects
@: no status effects
A: fangs 1, strong nose, distributed training
a: no special abilities


You were on level 1 of the Dungeon.
You visited 1 branch of the dungeon, and saw 1 of its levels.

Inventory:

Hand Weapons
 a - a +0 mace (weapon)
Armour
 b - a +0 pair of boots (worn)
 d - a +0 leather armour (worn)
Scrolls
 c - a scroll of fear
 e - a scroll of identify {unknown}


   Skills:
 + Level 0.2 Fighting
 + Level 0.2 Short Blades
 + Level 0.2 Long Blades
 + Level 0.2 Axes
 + Level 4.4 Maces & Flails
 + Level 0.2 Polearms
 + Level 0.2 Staves
 + Level 0.2 Ranged Weapons
 + Level 0.2 Throwing
 + Level 0.2 Armour
 + Level 4.4 Dodging
 + Level 2.2 Stealth
 + Level 0.2 Shields
 + Level 0.2 Unarmed Combat
 + Level 2.6 Spellcasting
 + Level 0.1 Conjurations
 + Level 0.1 Hexes
 + Level 0.1 Summonings
 + Level 0.1 Necromancy
 + Level 0.1 Translocations
 + Level 0.1 Transmutations
 + Level 3.6 Fire Magic
 + Level 0.1 Ice Magic
 + Level 0.1 Air Magic
 + Level 0.1 Earth Magic
 + Level 0.1 Poison Magic
 + Level 2.4 Invocations
 + Level 2.4 Evocations


You had 5 spell levels left.
You knew the following spells:

 Your Spells              Type           Power      Damage    Failure   Level
a - Foxfire               Conj/Fire      20%        2x1d5     17%         1

Your spell library contained the following spells:

 Spells                   Type           Power      Damage    Failure   Level
 Volatile Blastmotes      Fire/Tloc      10%        2d10      45%         3
 Sticky Flame             Conj/Fire      5%         2d3       86%         4


Dungeon Overview and Level Annotations

Branches:
Dungeon (1/15)

Altars:


Innate Abilities, Weirdness & Mutations

You have very sharp teeth.
Your uncanny sense of smell can sniff out nearby items.
Your experience applies equally to all skills.


Message History

The jackal bites you but does no damage.
The jackal bites you.
The kobold throws a stone.
The stone hits you. The jackal closely misses you.
The jackal barely misses you.
The kobold throws a stone.
The stone hits you but does no damage.
The jackal bites you but does no damage.
The jackal attacks as you move away! The jackal barely misses you.
Found an amethyst potion.
The jackal bites you but does no damage.
You hit the jackal. Your bite misses the jackal.
The jackal is almost dead.
The jackal bites you.
You barely miss the jackal.
The jackal is almost dead.
The jackal bites you. The jackal closely misses you.
You hit the jackal.
You kill the jackal!
You hit the jackal but do no damage. The jackal closely misses you. x2
You closely miss the jackal. The jackal closely misses you.
The jackal bites you.
* * * LOW HITPOINT WARNING * * *
You hit the jackal.
The jackal is heavily wounded.
The jackal bites you.
* * * LOW HITPOINT WARNING * * *
You sock the jackal!
You kill the jackal!
You hit the goblin.
The goblin is heavily wounded.
The goblin closely misses you.
You hit the goblin.
You kill the goblin!
The kobold throws a stone.
The stone hits you but does no damage.
You have reached level 2!
The kobold misses you.
You see here a +0 club.
You hit the kobold but do no damage. The kobold hits you with a +0 club.
* * * LOW HITPOINT WARNING * * *
The kobold hits you with a +0 club.
You die...

#...# #≈≈≈≈≈≈≈≈≈≈ #...#
#≈≈≈≈≈≈≈≈≈≈ #>..#
#≈≈≈...~≈≈≈
#...#####≈≈...≈≈~≈≈
##..g..##≈≈.......≈
###K...#≈≈≈..<....
#†#..#≈≈........
...#.#####.#>.###........
........@K.[..##.#.##.#.#
!..#.#####.#.###......#.#
#..........### .
##...##.....# #
#......##.....#
#.##...##.....# ..
..####......# #. ...
#.##.#.# # .... #.##.#.#


You could see a kobold.

Vanquished Creatures
  A goblin (D:1)
  4 jackals (D:1)
5 creatures vanquished.

Notes
Turn   | Place    | Note
-------+----------+-------------------------------------------
     0 | D:1      | GimliDwarf the Gnoll Wanderer began the quest for the Orb.
     0 | D:1      | GimliDwarf set off with the following items: a +0 mace, a
                  | +0 pair of boots, a scroll of fear, a +0 leather armour;
                  | and the following spell memorised: Foxfire; and the
                  | following spells available to memorise: Volatile
                  | Blastmotes, Sticky Flame.
     0 | D:1      | Reached XP level 1. HP: 13/13 MP: 4/4
    61 | D:1      | Reached XP level 2. HP: 4/19 MP: 5/5
    62 | D:1      | Slain by a kobold

Illustrated notes

Levels and vault maps discovered:
D:1:      dpeg_arrival_pond, layout_loops_cross, kennysheep_nondescript

Action                     || total
---------------------------++-------
  Melee: Mace              ||    14
 Armour: Leather armour    ||    10
  Dodge: Dodged            ||    17
